 Dungeon Crawl Stone Soup version 0.26.0-15-gc6cd9f7 (webtiles) character file.

Game seed: 16626546371743126191

94 brinewave the Skirmisher (level 4, -7/42 HPs)
             Began as a Minotaur Monk on Jan 24, 2021.
             Was a Follower of Okawaru.
             Mangled by an ogre
             ... wielding a cursed -2 giant spiked club
              (29 damage)
             ... on level 2 of the Dungeon.
             The game lasted 00:05:07 (1761 turns).

brinewave the Skirmisher (Minotaur Monk)            Turns: 1761, Time: 00:05:08

Health: -7/42      AC:  2    Str: 16    XL:     4   Next: 38%
Magic:  2/3        EV: 13    Int:  7    God:    Okawaru [*.....]
Gold:   78         SH:  0    Dex: 13    Spells: 3/3 levels left

rFire    . . .     SeeInvis .   a - +0 falchion
rCold    . . .     Faith    .   (no shield)
rNeg     . . .     Spirit   .   b - +0 robe
rPois    .         Reflect  .   (helmet restricted)
rElec    .         Harm     .   (no cloak)
rCorr    .         Rampage  .   (no gloves)
Will     .....                  (no boots)
Stlth    ++........             (no amulet)
HPRegen  0.14/turn              (no ring)
MPRegen  0.08/turn              (no ring)

@: no status effects
A: retaliatory headbutt, horns 2
a: Renounce Religion, Heroism


You were on level 2 of the Dungeon.
You worshipped Okawaru.
Okawaru was aware of your devotion.
You visited 1 branch of the dungeon, and saw 2 of its levels.

You collected 78 gold pieces.

Inventory:

Hand Weapons
 a - a +0 falchion (weapon)
Missiles
 c - 19 bolts
 d - 48 arrows
Armour
 b - a +0 robe (worn)
Scrolls
 f - a scroll of fear


   Skills:
 + Level 5.1 Fighting
 + Level 5.1 Long Blades
 - Level 3.2 Dodging
 - Level 1.5 Stealth


You had 3 spell levels left.
You didn't know any spells.
Your spell library was empty.

Dungeon Overview and Level Annotations

Branches:
Dungeon (2/15)

Altars:
Okawaru


Innate Abilities, Weirdness & Mutations

You reflexively headbutt those who attack you in melee.
You have a pair of horns on your head.


Message History

The ogre closely misses you. You furiously retaliate!
You headbutt the ogre. You hit the ogre.
The ogre is heavily wounded.
You feel like a meek peon again.
The ogre hits you with a cursed -2 giant spiked club!!
You hit the ogre.
The ogre is heavily wounded.
You slash the ogre! Your headbutt misses the ogre.
The ogre is almost dead.
The ogre closely misses you. You furiously retaliate!
You headbutt the ogre.
A kobold comes into view. It is wielding a +0 short sword.
You barely miss the ogre.
The kobold shouts!
Your headbutt misses the ogre.
The ogre is almost dead.
The adder completely misses you. You furiously retaliate!
You headbutt the adder, but do no damage.
The ogre hits you with a cursed -2 giant spiked club!!
Ouch! That really hurt!
You die...

#...≈≈≈≈≈≈≈P.. ###
#†#....≈≈≈≈..≈K
#.###.##....≈≈≈≈≈.≈
#.....###...≈≈≈≈≈≈P
###.#####
#...≈≈≈≈≈≈≈ #...#
#..P≈≈≈≈≈.. #...#
###...≈≈≈≈≈P. #...#
#.....P≈≈≈≈≈P ##.##
#.##.@S.≈≈≈≈≈ #.#
#. #.O)≈P≈≈≈≈ #.# #
###$≈≈≈≈≈≈ #.#
g≈≈≈≈≈P #.# ..≈≈≈≈^
#.# #.≈≈≈≈. ###.###
.≈≈≈≈. #.<...#
.P.≈P≈ ###.###.#


You could see an ogre, an adder, a hobgoblin and a kobold.

Vanquished Creatures
  4 adders (D:2)
  2 oozes (D:1)
  3 dart slugs
  2 leopard geckos
  5 bats
  A goblin (D:2)
  6 hobgoblins
  4 jackals (D:2)
  A ball python (D:1)
  4 frilled lizards
  4 kobolds (D:1)
  7 rats
43 creatures vanquished.

Vanquished Creatures (others)
  6 plants (D:2)
6 creatures vanquished.

Grand Total: 49 creatures vanquished

Notes
Turn   | Place    | Note
-------+----------+-------------------------------------------
     0 | D:1      | brinewave the Minotaur Monk began the quest for the Orb.
     0 | D:1      | Reached XP level 1. HP: 19/19 MP: 0/0
   184 | D:1      | Reached XP level 2. HP: 27/27 MP: 1/1
   587 | D:1      | Reached XP level 3. HP: 30/34 MP: 2/2
  1404 | D:2      | Reached XP level 4. HP: 36/41 MP: 3/3
  1446 | D:2      | Found an iron altar of Okawaru.
  1460 | D:2      | Became a worshipper of Warmaster Okawaru
  1460 | D:2      | Reached * piety under Okawaru
  1460 | D:2      | Reached ** piety under Okawaru
  1559 | D:2      | Reached skill level 5 in Fighting
  1559 | D:2      | Reached skill level 5 in Long Blades
  1747 | D:2      | Noticed an ogre
  1761 | D:2      | Mangled by an ogre

Illustrated notes

Levels and vault maps discovered:
D:1:      wander_arrival_desolate, layout_basic, chequers_serial_rivers_large_a,
          minmay_misc_feat_secret_circle, hangedman_feature_mirror
D:2:      layout_loops_ring, chequers_big_river, okawaru_ov_weapons_minmay

Skill      XL: |  1  2  3  4 |
---------------+-------------+-----
Fighting       | 4 5 |  5.1
Long Blades    | 4 5 |  5.1
Dodging        | |  3.2
Stealth        | |  1.5

Action                   |  1- 3 |  4- 6 || total
-------------------------+-------+-------++-------
Melee: Falchion          |    71 |    18 ||    89
       Headbutt          |     9 |     6 ||    15
Invok: Heroism           |       |     1 ||     1
  Use: Scroll            |     3 |     1 ||     4
 Stab: Sleeping          |     7 |     1 ||     8
Armor: Robe              |     6 |       ||     6
Dodge: Dodged            |    33 |    11 ||    44
       Rpst.: Falchion   |    12 |     4 ||    16
